 Dungeon Crawl Stone Soup version 0.30-a0-800-g7c544603b3 (webtiles) character file.

Game seed: 4204144720053591936

8639 retardedninja the Blocker (level 11, -4/89 HPs)
             Began as a Gnoll Fighter on Feb 21, 2023.
             Was an Initiate of Gozag.
             Killed by nerve-wracking pain
             ... invoked by an orc priest
              (11 damage)
             ... on level 9 of the Dungeon.
             The game lasted 00:15:35 (10756 turns).

retardedninja the Blocker (Gnoll Fighter)          Turns: 10756, Time: 00:15:36

Health: -4/89      AC: 23    Str: 20    XL:     11   Next: 34%
Magic:  20/20      EV:  5    Int:  7    God:    Gozag
Gold:   420        SH: 15    Dex: 12    Spells: 22/22 levels left

rFire   . . .      SeeInvis .    o - +1 flail (heavy)
rCold   . . .      Faith    .    t - +0 tower shield
rNeg    . . .      Spirit   .    D - +4 plate armour
rPois   .          Reflect  .    A - +0 helmet
rElec   .          Harm     .    s - +0 cloak
rCorr   .          Rampage  .    m - +0 pair of gloves
Will    .....                    z - +0 pair of boots {Fly} Stlth
                                 B - amulet of the acrobat
HPRegen 0.34/turn                (no ring)
MPRegen 0.17/turn                (no ring)

@: flying, invisible
A: fangs 1, strong nose, distributed training
a: Renounce Religion, Potion Petition, Call Merchant, Bribe Branch


You were on level 9 of the Dungeon.
You worshipped Gozag.
Gozag was aware of your devotion.
You visited 2 branches of the dungeon, and saw 10 of its levels.
You also visited: Bailey.

You collected 1243 gold pieces.
You paid 823 gold pieces to Gozag.

Inventory:

Hand Weapons
 d - the +5 rapier of Botsavus {heavy, rC+ rN+ Will- Str+2}
   (You found it in a bailey)

   Str:       It affects your strength (+2).
   rC:        It protects you from cold.
   rN:        It protects you from negative energy.
   Will:      It decreases your willpower.
 o - a +1 heavy flail (weapon)
Missiles
 l - 4 javelins
 C - a silver boomerang (quivered)
Armour
 m - a +0 pair of gloves (worn)
 s - a +0 cloak (worn)
 t - a +0 tower shield (worn)
 z - a +0 pair of boots of flying (worn)
 A - a +0 helmet (worn)
 D - a +4 plate armour (worn)
Jewellery
 n - a ring of flight
 B - an amulet of the acrobat (around neck)
Wands
 c - a wand of digging (9)
 k - a wand of flame (15)
 p - a wand of mindburst (6)
 w - a wand of roots (31)
Scrolls
 b - a scroll of immolation
 f - 2 scrolls of vulnerability
 g - 2 scrolls of magic mapping
 i - 4 scrolls of amnesia
 j - a scroll of noise
 y - a scroll of torment
Potions
 e - 2 potions of brilliance
 h - 2 potions of flight
 q - a potion of mutation {unknown}


   Skills:
 + Level 9.3 Fighting
 + Level 6.4 Short Blades
 + Level 6.4 Long Blades
 + Level 8.0 Axes
 + Level 6.4 Maces & Flails
 + Level 6.4 Polearms
 + Level 6.4 Staves
 + Level 6.4 Ranged Weapons
 + Level 6.4 Throwing
 + Level 9.3 Armour
 + Level 6.4 Dodging
 + Level 6.4 Stealth
 + Level 9.3 Shields
 + Level 6.4 Unarmed Combat
 + Level 6.4 Spellcasting
 + Level 5.3 Conjurations
 + Level 5.3 Hexes
 + Level 5.3 Summonings
 + Level 5.3 Necromancy
 + Level 5.3 Translocations
 + Level 5.3 Transmutations
 + Level 5.3 Fire Magic
 + Level 5.3 Ice Magic
 + Level 5.3 Air Magic
 + Level 5.3 Earth Magic
 + Level 5.3 Poison Magic
 + Level 7.0 Invocations
 + Level 6.4 Evocations


You had 22 spell levels left.
You didn't know any spells.
Your spell library contained the following spells:

 Spells                   Type           Power      Damage    Failure   Level
 Freeze                   Ice            36%        1d5       97%         1
 Sublimation of Blood     Necr           9%         N/A       99%         2
 Wereblood                Tmut           9%         N/A       99%         2
 Frozen Ramparts          Ice            18%        1d3       100%        3
 Hailstorm                Conj/Ice       9%         3d4       100%        3
 Summon Hydra             Summ           4%         N/A       100%        7


Dungeon Overview and Level Annotations

Branches:
Dungeon (9/15)             Temple (1/1) D:6          Bailey (visited)
   Lair: D:8-11         Orc: D:9-12

Altars:
Ashenzari
Dithmenos
Elyvilon
Gozag
Hepliaklqana
Kikubaaqudgha
Makhleb
Nemelex Xobeh
Okawaru
Qazlal
Ru
Sif Muna
Uskayaw
Vehumet
Wu Jian
Xom
Yredelemnul
Zin
The Shining One

Shops:
D:2 [

Annotations:
D:4 2 transporters, teamwork's ghost, weakling DsCj


Innate Abilities, Weirdness & Mutations

You have very sharp teeth.
Your uncanny sense of smell can sniff out nearby items.
Your experience applies equally to all skills.


Message History

The orc priest is distracted by your dazzling golden aura.
You block the orc's attack. You block the orc warrior's attack.
You block the orc's attack.
The orc warrior is distracted by your dazzling golden aura.
The orc warrior shouts!
The orc priest shouts!
You see here 15 gold pieces.
You barely miss the orc warrior.
The orc warrior is no longer distracted by gold.
Your bite misses the orc warrior. You block the orc's attack. x2
You block the orc's attack. The orc closely misses you.
You see here 42 gold pieces.
The orc attacks as you move away! The orc misses you.
The orc priest is no longer distracted by gold.
The orc priest mumbles some strange prayers to Beogh against you.
Beogh smites you!
* * * LOW HITPOINT WARNING * * *
You bludgeon the orc!!
You kill the orc!
You block the orc warrior's attack. x2; The orc hits you with a +0 short sword.
* * * LOW HITPOINT WARNING * * *
You feel better. You block the orc warrior's attack.
You block the orc's attack.
You sock the orc!
You kill the orc!
You block the orc's attack.
The orc warrior hits you but does no damage. x2
The orc priest calls down the wrath of Beogh upon you.
Beogh smites you!
* * * LOW HITPOINT WARNING * * *
The orc hits you but does no damage.
You hit the orc priest but do no damage.
You block the orc's attack. The orc warrior barely misses you.
You block the orc priest's attack.
Okay, then.
It was a potion of invisibility.
You fade into invisibility!
The orc priest mumbles some strange prayers to Beogh against you.
Pain shoots through your body!
You die...
Your body crumbles into a pile of gold.

#..###'### #..........
#..##)))# #..........
###..##._.#######......####
......#...#..?.........>.
......#####...............
#####. ######..######### #
#######..# .
........o######## .
.......@o$....... .
#########o....... .
#........ . #........ .
......... $ # .........
.######## ..


You could see an orc warrior (unable to see you), an orc priest (unable to see
you) and an orc (unable to see you).

Vanquished Creatures
  2 orc knights (Bailey)
  A komodo dragon (D:7)
  2 wyverns
  18 yaks
  Grum (D:8)
  3 vampire mosquitoes (D:7)
  A water moccasin (D:7)
  An ice beast (D:7)
  2 black bears
  13 orc warriors
  3 sky beasts
  3 wolves (D:8)
  2 centaurs (D:7)
  A kobold brigand (D:7)
  4 necrophages
  4 bullfrogs
  A scorpion (D:5)
  4 wights (D:8)
  4 killer bees (D:9)
  5 howler monkeys
  5 orc priests
  A jelly (D:3)
  An iguana (D:5)
  7 orc wizards
  3 gnolls (D:4)
  8 adders
  2 white imps
  An ufetubus (D:5)
  2 worms
  4 dart slugs
  47 orcs
  6 bats
  3 endoplasms
  6 giant cockroaches
  14 goblins
  10 hobgoblins
  3 jackals (D:2)
  5 quokkas
  9 ball pythons
  6 frilled lizards
  12 kobolds
  4 rats
234 creatures vanquished.

Vanquished Creatures (others)
  A quokka (D:5)
1 creature vanquished.

Grand Total: 235 creatures vanquished

Notes
Turn   | Place    | Note
-------+----------+-------------------------------------------
     0 | D:1      | retardedninja the Gnoll Fighter began the quest for the
                  | Orb.
     0 | D:1      | Reached XP level 1. HP: 23/23 MP: 1/1
    41 | D:1      | Found a glowing golden altar of the Shining One.
   109 | D:1      | Reached XP level 2. HP: 29/29 MP: 2/2
   179 | D:1      | Became a worshipper of the Shining One
   520 | D:1      | Reached XP level 3. HP: 35/35 MP: 3/3
   582 | D:2      | Reached skill level 1 in Invocations
   613 | D:2      | Found Bomned's Antique Armour Shop.
   658 | D:2      | Reached skill level 1 in Short Blades
   658 | D:2      | Reached skill level 1 in Long Blades
   658 | D:2      | Reached skill level 1 in Maces & Flails
   658 | D:2      | Reached skill level 1 in Polearms
   658 | D:2      | Reached skill level 1 in Staves
   658 | D:2      | Reached skill level 1 in Ranged Weapons
   658 | D:2      | Reached skill level 1 in Throwing
   658 | D:2      | Reached skill level 1 in Dodging
   658 | D:2      | Reached skill level 1 in Stealth
   658 | D:2      | Reached skill level 1 in Unarmed Combat
   658 | D:2      | Reached skill level 1 in Spellcasting
   658 | D:2      | Reached skill level 1 in Evocations
   673 | D:2      | Reached XP level 4. HP: 30/41 MP: 5/5
   764 | D:2      | Reached * piety under the Shining One
   786 | D:2      | Reached skill level 1 in Conjurations
   786 | D:2      | Reached skill level 1 in Hexes
   786 | D:2      | Reached skill level 1 in Summonings
   786 | D:2      | Reached skill level 1 in Necromancy
   786 | D:2      | Reached skill level 1 in Translocations
   786 | D:2      | Reached skill level 1 in Transmutations
   786 | D:2      | Reached skill level 1 in Fire Magic
   786 | D:2      | Reached skill level 1 in Ice Magic
   786 | D:2      | Reached skill level 1 in Air Magic
   786 | D:2      | Reached skill level 1 in Earth Magic
   786 | D:2      | Reached skill level 1 in Poison Magic
   861 | D:2      | Found a faded altar of an unknown god.
  1734 | D:3      | Reached XP level 5. HP: 46/47 MP: 5/7
  2159 | D:4      | Reached XP level 6. HP: 53/53 MP: 8/8
  2220 | D:4      | Found a transporter.
  2263 | D:4      | Found a transporter.
  2266 | D:4      | Noticed teamwork's ghost (weakling DsCj)
  2359 | D:4      | Reached skill level 5 in Axes
  2909 | D:5      | Entered Level 5 of the Dungeon
  2956 | D:5      | Reached ** piety under the Shining One
  2968 | D:5      | Reached XP level 7. HP: 55/60 MP: 10/10
  3219 | D:5      | Found an ancient bone altar of Kikubaaqudgha.
  3390 | D:6      | Found a white marble altar of Elyvilon.
  3588 | D:6      | Found a staircase to the Ecumenical Temple.
  3618 | D:6      | Reached XP level 8. HP: 28/67 MP: 12/12
  3847 | Temple   | Entered the Ecumenical Temple
  3928 | Temple   | Fell from the grace of the Shining One
  3928 | Temple   | Became a worshipper of Gozag Ym Sagoz the Greedy
  4512 | D:7      | Noticed a komodo dragon
  4524 | D:7      | Killed a komodo dragon
  4657 | D:7      | Reached XP level 9. HP: 50/73 MP: 14/14
  6294 | D:7      | Reached skill level 5 in Invocations
  6849 | D:8      | Found a flagged portal.
  6855 | Bailey   | Entered a bailey
  6980 | Bailey   | Reached skill level 5 in Short Blades
  6980 | Bailey   | Reached skill level 5 in Long Blades
  6980 | Bailey   | Reached skill level 5 in Maces & Flails
  6980 | Bailey   | Reached skill level 5 in Polearms
  6980 | Bailey   | Reached skill level 5 in Staves
  6980 | Bailey   | Reached skill level 5 in Ranged Weapons
  6980 | Bailey   | Reached skill level 5 in Throwing
  6980 | Bailey   | Reached skill level 5 in Dodging
  6980 | Bailey   | Reached skill level 5 in Stealth
  6980 | Bailey   | Reached skill level 5 in Unarmed Combat
  6980 | Bailey   | Reached skill level 5 in Spellcasting
  6980 | Bailey   | Reached skill level 5 in Evocations
  6980 | Bailey   | Reached XP level 10. HP: 69/81 MP: 17/17
  7445 | Bailey   | Noticed an orc knight
  7445 | Bailey   | Noticed an orc knight
  7458 | Bailey   | Killed an orc knight
  7482 | Bailey   | Killed an orc knight
  7809 | Bailey   | Identified the +5 rapier of Botsavus {heavy, rC+ rN+ Will-
                  | Str+2}
  9306 | D:8      | Reached skill level 5 in Conjurations
  9306 | D:8      | Reached skill level 5 in Hexes
  9306 | D:8      | Reached skill level 5 in Summonings
  9306 | D:8      | Reached skill level 5 in Necromancy
  9306 | D:8      | Reached skill level 5 in Translocations
  9306 | D:8      | Reached skill level 5 in Transmutations
  9306 | D:8      | Reached skill level 5 in Fire Magic
  9306 | D:8      | Reached skill level 5 in Ice Magic
  9306 | D:8      | Reached skill level 5 in Air Magic
  9306 | D:8      | Reached skill level 5 in Earth Magic
  9306 | D:8      | Reached skill level 5 in Poison Magic
  9486 | D:8      | Found a sacrificial altar of Ru.
  9528 | D:8      | Reached XP level 11. HP: 86/89 MP: 20/20
  9532 | D:8      | Noticed Grum
  9567 | D:8      | HP: 1/89 [Grum/+0 spear (10)]
  9588 | D:8      | Killed Grum
 10650 | D:9      | Found a radiant altar of Vehumet.
 10756 | D:9      | Killed from afar by an orc priest

Illustrated notes

Levels and vault maps discovered:
D:1:      denvon_arrival_planthouse, layout_rooms, kennysheep_crisscross,
          minmay_hexomino_r4
D:2:      layout_rooms, serial_shops, nicolae_square_shop,
          nicolae_ecumenical_oubliette
D:3:      layout_rooms
D:4:      layout_basic, gammafunk_ghost_stat_death, grunt_decor_arrowhead
D:5:      layout_basic, nicolae_kikubaaqudgha_miasma_corner
D:6:      layout_loops_ring, elyvilon_altar_1, minmay_temple_entry_fiery
D:7:      layout_basic
D:8:      layout_cave_pools, nicolae_ru_sacrificial_ziggurat, enter_bailey_3,
          uniq_grum
D:9:      layout_long_grid, nicolae_vehumet_radiance, david_defended_altar_orc,
          uniq_harold, uniq_maggie
Temple:   eino_narrow_crystal_temple

Skill      XL: |  1  2  3  4  5  6  7  8  9 10 11 |
---------------+----------------------------------+-----
Invocations    | 1 2 3 4 5 6 7 |  7.0
Short Blades   | 1 2 3 5 6 |  6.4
Long Blades    | 1 2 3 5 6 |  6.4
Maces & Flails | 1 2 3 5 6 |  6.4
Polearms       | 1 2 3 5 6 |  6.4
Staves         | 1 2 3 5 6 |  6.4
Ranged Weapons | 1 2 3 5 6 |  6.4
Throwing       | 1 2 3 5 6 |  6.4
Dodging        | 1 2 3 5 6 |  6.4
Stealth        | 1 2 3 5 6 |  6.4
Unarmed Combat | 1 2 3 5 6 |  6.4
Spellcasting   | 1 2 3 5 6 |  6.4
Evocations     | 1 2 3 5 6 |  6.4
Conjurations   | 1 2 3 4 5 |  5.3
Hexes          | 1 2 3 4 5 |  5.3
Summonings     | 1 2 3 4 5 |  5.3
Necromancy     | 1 2 3 4 5 |  5.3
Translocations | 1 2 3 4 5 |  5.3
Transmutations | 1 2 3 4 5 |  5.3
Fire Magic     | 1 2 3 4 5 |  5.3
Ice Magic      | 1 2 3 4 5 |  5.3
Air Magic      | 1 2 3 4 5 |  5.3
Earth Magic    | 1 2 3 4 5 |  5.3
Poison Magic   | 1 2 3 4 5 |  5.3
Axes           | 5 6 7 8 |  8.0
Fighting       | 7 8 9 |  9.3
Armour         | 7 8 9 |  9.3
Shields        | 7 8 9 |  9.3

Action                     |  1- 3 |  4- 6 |  7- 9 | 10-12 || total
---------------------------+-------+-------+-------+-------++-------
  Melee: War axe           |    71 |   129 |   255 |   300 ||   755
         Bite              |     4 |    14 |    31 |    56 ||   105
         Flail             |       |       |       |    65 ||    65
  Throw: Javelin           |     8 |    50 |    18 |       ||    76
         Throwing net      |       |       |     1 |       ||     1
         Boomerang         |       |       |    23 |     6 ||    29
 Invoke: Potion Petition   |       |       |       |     2 ||     2
  Evoke: Wand              |       |       |       |     2 ||     2
    Use: Scroll            |       |     6 |    14 |     2 ||    22
         Potion            |       |       |     3 |    10 ||    13
   Stab: Distracted        |       |       |     1 |     1 ||     2
 Armour: Scale mail        |    45 |       |       |       ||    45
         Chain mail        |     2 |    88 |    28 |       ||   118
         Plate armour      |       |       |   151 |   338 ||   489
  Dodge: Dodged            |    55 |    23 |    78 |   138 ||   294
  Block: Buckler           |    23 |    14 |       |       ||    37
         Tower shield      |       |    80 |   256 |   483 ||   819

Table legend: (Time is in decaauts)
 A = Elapsed time spent in this place.
 B = Non-inter-level travel time spent in this place.
 C = Inter-level travel time spent in this place.
 D = Time resting spent in this place.
 E = Time spent auto-exploring this place.
 F = Levels seen in this place.
 G = Mean time per level.
                   A        B        C        D        E       F      G
               +--------+--------+--------+--------+--------+-----+--------+
         Total |  11244 |  10859 |    385 |   3910 |   4266 |  11 | 1022.2 |
       Dungeon |  10137 |   9763 |    374 |   3465 |   4127 |   9 | 1126.3 |
        Temple |     89 |     78 |     11 |      0 |     70 |   1 |   89.0 |
        Bailey |   1016 |   1016 |      0 |    445 |     69 |   1 | 1016.0 |
               +--------+--------+--------+--------+--------+-----+--------+

Top non-repeatable levels by time:
     D:7: 3694 daAuts
     D:8: 1489 daAuts
     D:2: 1057 daAuts
  Bailey: 1016 daAuts
     D:6: 984 daAuts
     D:4: 888 daAuts
     D:1: 587 daAuts
     D:3: 491 daAuts
     D:9: 483 daAuts
     D:5: 461 daAuts
  Temple: 89 daAuts
